 Seeded DCSS version 0.30.0-30-g96aa6591b8 (webtiles) character file.

Game seed: 6351066067085065685 (custom seed)

3565 Esekla the Thaumaturge (level 9, 0/45 HPs)
             Began as a Deep Elf Necromancer on June 28, 2023.
             Was a Priest of Vehumet.
             Slain by an orc wizard
             ... wielding a +0 dagger
              (4 damage)
             ... on level 8 of the Dungeon on June 29, 2023.
             The game lasted 00:44:41 (7815 turns).

Esekla the Thaumaturge (Deep Elf Necromancer)       Turns: 7815, Time: 00:44:42

Health: 0/45       AC:  5    Str:  5    XL:     9   Next: 84%
Magic:  21/34      EV: 15    Int: 25    God:    Vehumet [***...]
Gold:   450        SH:  0    Dex: 15    Spells: 22/28 levels left

rFire   . . .        a - +4 scimitar
rCold   . . .        (no shield)
rNeg    . . .        l - +0 robe
rPois   .            y - +0 helmet
rElec   .            G - +0 cloak
rCorr   .            j - +0 pair of gloves
SInv    .            (no boots)
Will    .....        C - amulet of magic regeneration
Stlth   +++          L - ring of magical power
HPRegen 0.27/turn    (no ring)
MPRegen 0.64/turn

%: no passive effects
@: no status effects
A: no striking features
a: Renounce Religion


You were on level 8 of the Dungeon.
You worshipped Vehumet.
Vehumet was most pleased with you.
You visited 2 branches of the dungeon, and saw 9 of its levels.

You collected 450 gold pieces.

Inventory:

Hand Weapons
 a - a +4 scimitar (weapon)
 r - a +4 trident of venom
 s - a +2 vampiric dagger
Missiles
 o - 26 poisoned darts
 u - 5 throwing nets
 J - 5 curare-tipped darts
 M - 3 boomerangs (quivered)
Armour
 j - a +0 pair of gloves (worn)
 l - a +0 robe (worn)
 y - a +0 helmet (worn)
 G - a +0 cloak (worn)
 I - a +0 buckler
Jewellery
 C - an amulet of magic regeneration (around neck)
 L - a ring of magical power (left hand)
Wands
 f - a wand of roots (18)
 B - a wand of flame (13)
 F - a wand of mindburst (9)
Scrolls
 c - 3 scrolls of noise {unknown}
 e - 3 scrolls of fear {unknown}
 k - a scroll of immolation {unknown}
 n - 5 scrolls of blinking {unknown}
 q - 2 scrolls of fog
 t - a scroll of amnesia
 v - a scroll of silence {unknown}
 w - a scroll of enchant armour {unknown}
 x - 2 scrolls of poison {unknown}
 A - 3 scrolls of enchant weapon
 E - a scroll of magic mapping {unknown}
 H - 2 scrolls of teleportation {unknown}
 K - 2 scrolls of identify
Potions
 b - a potion of magic
 d - 3 potions of ambrosia
 g - 6 potions of attraction
 h - 2 potions of heal wounds
 i - 5 potions of curing
 m - 3 potions of haste {unknown}
 p - 3 potions of brilliance
 z - a potion of mutation {unknown}
 D - a potion of lignification {unknown}


   Skills:
 + Level 3.7(3.9) Short Blades
 + Level 1.2(2.4) Long Blades
 + Level 2.3 Throwing
 * Level 6.6 Dodging
 + Level 5.2 Stealth
 * Level 2.2 Shields
 * Level 10.2 Spellcasting
 * Level 9.5 Necromancy
 * Level 4.7 Translocations
 + Level 0.2 Evocations


You had 22 spell levels left.
You knew the following spells:

 Your Spells              Type           Power      Damage    Failure   Level
d - Vampiric Draining     Necr           57%        2d10      1%          3
t - Teleport Other        Tloc           36%        N/A       1%          3

Your spell library contained the following spells:

 Spells                   Type           Power      Damage    Failure   Level
 Inner Flame              Hex/Fire       12%        N/A       4%          3
 Necrotise                Necr           100%       1d9       1%          1
 Lesser Beckoning         Tloc           72%        N/A       1%          2
 Gell's Gravitas          Tloc           36%        N/A       1%          3
 Animate Dead             Necr           57%        N/A       1%          4
 Agony                    Necr           57%        N/A       2%          5
 Spider Form              Tmut/Pois      12%        N/A       14%         3
 Cause Fear               Hex            6%         N/A       43%         4
 Summon Mana Viper        Hex/Summ       12%        N/A       80%         5


Dungeon Overview and Level Annotations

Branches:
Dungeon (8/15)             Temple (1/1) D:6
   Lair: D:8-11

Altars:
Cheibriados
Dithmenos
Fedhas
Gozag
Hepliaklqana
Okawaru
Qazlal
Trog
Vehumet
Wu Jian
Xom
Zin
The Shining One

Shops:
D:2 =   D:4 (

Annotations:
D:8 1 transporter


Message History

Aiming: Vampiric Draining (safe; 1% risk of failure)
Press: ? - help, Shift-Dir - straight line, f - orc, p - quasit
Aim: an orc, wielding a +0 hand axe You draw life force from the orc!
You kill the orc!
Vehumet accepts your kill.
You feel your power returning.
You feel life coursing into your body.
The quasit closely misses you. x2; The quasit misses you.
Something completely misses you.
Casting: Vampiric Draining (safe; 1% risk of failure)
Confirm with . or Enter, or press ? or * to list all spells.
You don't know that spell.
Okay, then.
Casting: Vampiric Draining (safe; 1% risk of failure)
Confirm with . or Enter, or press ? or * to list all spells.
Aiming: Vampiric Draining (safe; 1% risk of failure)
Press: ? - help, Shift-Dir - straight line, f - gnoll
Aim: a gnoll, wielding a +0 club You draw life force from the gnoll!
You feel life coursing into your body.
The quasit barely misses you. x2; The quasit claws you.
The gnoll hits you with a +0 club.
* * * LOW HITPOINT WARNING * * *
The orc priest calls down the wrath of Beogh upon you.
You resist with significant effort.
Casting: Vampiric Draining (safe; 1% risk of failure)
Confirm with . or Enter, or press ? or * to list all spells.
Aiming: Vampiric Draining (safe; 1% risk of failure)
Press: ? - help, Shift-Dir - straight line, f/p - gnoll
Aim: a gnoll, wielding a +0 club (severely wounded)
You draw life force from the gnoll.
You kill the gnoll!
Vehumet accepts your kill.
You feel life coursing into your body. The quasit misses you.
The quasit barely misses you. The quasit misses you.
The quasit barely misses you. x2; The quasit misses you.
The orc priest calls down the wrath of Beogh upon you.
Pain shoots through your body!
* * * LOW HITPOINT WARNING * * *
Something hits you.
You die...

###...# #..P♣.#
#.....######### ######
#.....##......# #....#
#......#......# #.##.###
#.....#......# ###.##....
#.....#..)...# #...######
#####.....#)5.@..#####)######
..........'.o5.............>#
......)...#......##########.#
......#####.......... ..#.#
#..... #####.#########.#.##
#.... ..# #........# .##.#
.... #........# #.. ♣...##
.........# ... ....#
o........#


You could see an orc priest, a quasit and a shadow imp.

Vanquished Creatures
  Pikel (D:6)
  Joseph (D:7)
  A steam dragon (D:8)
  A wyvern (D:7)
  Menkaure (D:7)
  An ice beast (D:6)
  A sky beast (D:6)
  2 black bears
  2 ogres
  A centaur (D:7)
  A phantom (D:7)
  Blork the orc (D:6)
  2 kobold brigands
  A gnoll sergeant (D:6)
  A bullfrog (D:7)
  2 scorpions (D:5)
  3 wights
  2 gnoll boudas
  6 hounds
  A jelly (D:6)
  Crazy Yiuf (D:7)
  2 orc priests (D:8)
  A sleepcap (D:5)
  5 iguanas
  4 orc wizards
  19 gnolls
  9 adders
  5 white imps
  4 ufetubi
  A worm (D:4)
  3 dart slugs
  30 orcs
  6 ball pythons
  4 bats
  4 endoplasms
  8 goblins
  5 hobgoblins
  A quokka (D:1)
  4 frilled lizards
  14 kobolds
  A rat (D:2)
163 creatures vanquished.

Vanquished Creatures (others)
  A shadow imp (D:8)
1 creature vanquished.

Grand Total: 164 creatures vanquished

Notes
Turn   | Place    | Note
-------+----------+-------------------------------------------
     0 | D:1      | Esekla the Deep Elf Necromancer began the quest for the
                  | Orb.
     0 | D:1      | Reached XP level 1. HP: 10/10 MP: 6/6
   211 | D:1      | Reached skill level 5 in Necromancy
   235 | D:1      | Reached XP level 2. HP: 15/15 MP: 8/8
   385 | D:4      | Found a radiant altar of Vehumet.
   389 | D:4      | Became a worshipper of Vehumet
   850 | D:3      | Identified the +5 rapier of the Hero {heavy, rN+ Dex+3}
   869 | D:2      | Found Renulab's Jewellery Shop.
  1016 | D:2      | Reached XP level 3. HP: 19/19 MP: 9/9
  1024 | D:2      | Learned a level 3 spell: Vampiric Draining
  1098 | D:2      | Found a faded altar of an unknown god.
  1141 | D:2      | Noticed a black bear
  1257 | D:1      | Reached skill level 1 in Short Blades
  1257 | D:1      | Reached XP level 4. HP: 24/24 MP: 11/11
  1321 | D:1      | Learned a level 3 spell: Teleport Other
  1327 | D:1      | Reached * piety under Vehumet
  1327 | D:1      | Offered knowledge of Kiss of Death by Vehumet.
  1544 | D:2      | Killed a black bear
  1545 | D:2      | Reached skill level 1 in Translocations
  1545 | D:2      | Reached XP level 5. HP: 21/28 MP: 6/12
  1898 | D:3      | Found a stormy altar of Qazlal.
  1905 | D:3      | Found a hazy altar of Hepliaklqana.
  1905 | D:3      | Found a bloodstained altar of Trog.
  1912 | D:3      | Reached skill level 4 in Spellcasting
  2413 | D:4      | Reached XP level 6. HP: 25/32 MP: 11/14
  3001 | D:4      | Found Ponaysk's Antique Weapon Boutique.
  3181 | D:4      | Found an iron altar of Okawaru.
  3192 | D:4      | Found a glowing silver altar of Zin.
  3221 | D:4      | Found a glowing golden altar of the Shining One.
  3343 | D:5      | Entered Level 5 of the Dungeon
  3516 | D:5      | Got the Parchment of the Lumpy Olives
  3614 | D:5      | Reached XP level 7. HP: 36/36 MP: 16/16
  3637 | D:5      | Reached skill level 5 in Spellcasting
  3819 | D:5      | Reached ** piety under Vehumet
  4140 | D:5      | Reached skill level 6 in Spellcasting
  4258 | D:5      | Found a shadowy altar of Dithmenos.
  4399 | D:6      | Offered knowledge of Momentum Strike by Vehumet.
  4515 | D:6      | Reached skill level 5 in Dodging
  4515 | D:6      | Reached skill level 7 in Spellcasting
  4515 | D:6      | Reached XP level 8. HP: 36/41 MP: 15/20
  4523 | D:6      | Reached skill level 5 in Stealth
  4531 | D:6      | Found a blossoming altar of Fedhas.
  4615 | D:6      | Found a staircase to the Ecumenical Temple.
  4635 | Temple   | Entered the Ecumenical Temple
  4976 | D:6      | Noticed Blork the orc
  5042 | D:6      | Killed Blork the orc
  5115 | D:6      | Noticed Pikel
  5132 | D:6      | Killed Pikel
  5133 | D:6      | Reached skill level 1 in Throwing
  5133 | D:6      | Reached skill level 8 in Spellcasting
  5522 | D:7      | Reached XP level 9. HP: 44/45 MP: 23/23
  5586 | D:7      | Noticed Menkaure
  5591 | D:7      | Killed Menkaure
  5703 | D:7      | Reached skill level 9 in Spellcasting
  5795 | D:7      | Found a runed translucent door.
  5796 | D:7      | Noticed Crazy Yiuf
  5803 | D:7      | Killed Crazy Yiuf
  5964 | D:7      | Noticed Joseph
  6132 | D:6      | Offered knowledge of Stone Arrow by Vehumet.
  6890 | D:7      | Killed Joseph
  6891 | D:7      | Reached skill level 1 in Shields
  6897 | D:7      | Reached skill level 1 in Long Blades
  7278 | D:8      | Reached skill level 10 in Spellcasting
  7299 | D:8      | Noticed a two-headed ogre
  7358 | D:8      | Found a transporter.
  7358 | D:8      | Found a transporter.
  7360 | D:8      | Found a transporter.
  7360 | D:8      | Found a transporter.
  7428 | D:8      | Reached *** piety under Vehumet
  7669 | D:8      | Offered knowledge of Inner Flame by Vehumet.
  7815 | D:8      | Slain by an orc wizard

Illustrated notes

Levels and vault maps discovered:
D:1:      sevenhm_arrival_forest_fort_small_3, layout_rooms,
          chequers_serial_rivers_room_b, minmay_misc_feat_five
D:2:      layout_loops_ring, dreamdust_ecumenical_altar_angels_and_demons,
          serial_shops, shop
D:3:      layout_basic, grunt_temple_overflow_open, minmay_misc_feat_iff
D:4:      layout_basic, nicolae_overflow_quartered_altars, serial_shops,
          nicolae_diamond_shop
D:5:      layout_loops_ring, lemuel_doored_altar, minmay_misc_feat_rows,
          dreamdust_wishing_well
D:6:      layout_loops_cross, fedhas_altar_fruit_tree,
          minmay_temple_entry_glass, uniq_pikel, uniq_blork_the_orc
D:7:      layout_basic, uniq_menkaure, uniq_joseph, uniq_crazy_yiuf_cottage
D:8:      layout_basic, nicolae_uskayaw_dance_hall, serial_demonic,
          serial_demonic_d, serial_demonic_a, serial_demonic_c,
          serial_demonic_c, nicolae_diode_quadrants
Temple:   compressed_dpeg_circular_temple

Skill      XL: |  1  2  3  4  5  6  7  8  9 |
---------------+----------------------------+-----
Necromancy     | 5 6 7 8 9 |  9.5
Stealth        | 3 4 5 |  5.2
Dodging        | 3 4 5 6 |  6.6
Short Blades   | 1 2 3 |  3.7
Translocations | 1 2 3 4 |  4.7
Spellcasting   | 4 7 8 10 | 10.2
Throwing       | 2 |  2.3
Shields        | 2 |  2.2
Long Blades    | 1 |  1.2
Evocations     | |  0.2

Action                     |  1- 3 |  4- 6 |  7- 9 || total
---------------------------+-------+-------+-------++-------
  Melee: Unarmed           |     9 |       |    10 ||    19
         Short sword       |     6 |       |       ||     6
         Dagger            |    24 |       |     2 ||    26
         Rapier            |    18 |    76 |    90 ||   184
         Punch             |       |     2 |     2 ||     4
         Scimitar          |       |       |    52 ||    52
         Great sword       |       |       |     7 ||     7
  Throw: Dart              |       |    17 |    21 ||    38
         Boomerang         |       |       |     1 ||     1
   Cast: Vampiric Draining |     2 |    23 |    81 ||   106
         Teleport Other    |       |       |    10 ||    10
  Evoke: Wand              |       |       |     4 ||     4
    Use: Scroll            |       |       |     9 ||     9
         Potion            |       |       |     1 ||     1
   Stab: Sleeping          |     6 |     8 |     5 ||    19
         Distracted        |       |     1 |       ||     1
 Armour: Robe              |     7 |     9 |    46 ||    62
  Dodge: Dodged            |    33 |    89 |   225 ||   347
